 Dungeon Crawl Stone Soup version 0.29-a0-22-gbf593b16ee (webtiles) character file.

Game seed: 2538157745633334103

23 bande the Skirmisher (level 3, 0/24 HPs)
             Began as a Gargoyle Fighter on Jan 29, 2022.
             Killed by nerve-wracking pain
             ... invoked by Jessica
              (2 damage)
             ... on level 2 of the Dungeon.
             The game lasted 00:01:04 (777 turns).

bande the Skirmisher (Gargoyle Fighter)              Turns: 777, Time: 00:01:05

Health: 0/24       AC: 10    Str: 19    XL:     3   Next: 0%
Magic:  3/3        EV:  9    Int:  8    God:
Gold:   57         SH:  4    Dex: 11    Spells: 2/2 levels left

rFire   . . .      SeeInvis .   a - +0 war axe
rCold   . . .      Faith    .   c - +0 buckler
rNeg    + . .      Spirit   .   b - +0 scale mail
rPois   ∞          Reflect  .   (no helmet)
rElec   +          Harm     .   (no cloak)
rCorr   .          Rampage  .   (no gloves)
Will    .....                   (no boots)
Stlth   ..........              (no amulet)
HPRegen 0.08/turn               (no ring)
MPRegen 0.08/turn               (no ring)

@: slowed, very slow
A: sickness immunity, AC +3, negative energy resistance 1, electricity
resistance, torment resistance 1, petrification resistance
a: no special abilities


You were on level 2 of the Dungeon.
You visited 1 branch of the dungeon, and saw 2 of its levels.

You collected 57 gold pieces.

Inventory:

Hand Weapons
 a - a +0 war axe (weapon)
Armour
 b - a +0 scale mail (worn)
 c - a +0 buckler (worn)
Potions
 d - a potion of might
 f - a potion of invisibility


   Skills:
 + Level 3.7 Fighting
 + Level 2.0 Axes
 + Level 3.7 Armour
 + Level 3.5 Shields


You had 2 spell levels left.
You didn't know any spells.
Your spell library was empty.

Dungeon Overview and Level Annotations

Branches:
Dungeon (2/15)

Altars:

Annotations:
D:2 Jessica


Innate Abilities, Weirdness & Mutations

You are immune to sickness and miasma.
Your stone body is resilient. (AC +3)
You are immune to poison.
You resist negative energy. (rN+)
You are resistant to electric shocks. (rElec)
You are resistant to unholy torment.
You are immune to petrification.


Message History

Jessica the Apprentice Sorceress comes into view.
She is wielding a +0 dagger.
You closely miss the adder.
The adder is severely wounded.
Jessica shouts!
The adder bites you but does no damage.
Jessica gestures wildly while chanting.
Jessica seems to speed up.
The adder barely misses you.
You slash the adder!
You kill the adder!
Jessica casts a spell.
Jessica blinks!
Your Axes skill increases to level 2!
You have reached level 3!
Your experience leads to an increase in your attributes!
Increase (S)trength, (I)ntelligence, or (D)exterity?
You feel agile. x2
Okay, then.
Jessica drinks a potion.
Jessica's spells are empowered!
Jessica grins evilly.
Jessica hits you but does no damage.
You closely miss Jessica.
Jessica casts a spell.
Jessica blinks!
You block Jessica's attack. Jessica gestures at you while chanting.
You barely resist. You barely miss Jessica. You block Jessica's attack.
Jessica mumbles some strange words.
Jessica blinks!
Jessica gestures at you while chanting. Pain shoots through your body!
* * * LOW HITPOINT WARNING * * *
Jessica casts a spell at you.
You feel yourself slow down.
You barely miss Jessica.
Jessica gestures wildly.
Jessica hits you but does no damage. Jessica closely misses you.
Jessica gestures at you while chanting. Pain shoots through your body!
You die...

#. #..
.. ..
.## ..
..# .
#.#
#.#.# #
#.#.##.#
#......#
###@####
#@# #.#
#.# #.#
..# ####


You could see Jessica (fast, empowered).

Vanquished Creatures
  An adder (D:2)
  A dart slug (D:1)
  2 endoplasms (D:1)
  A giant cockroach (D:2)
  2 hobgoblins (D:1)
  A ball python (D:1)
  A goblin (D:1)
  4 rats (D:1)
13 creatures vanquished.

Notes
Turn   | Place    | Note
-------+----------+-------------------------------------------
     0 | D:1      | bande the Gargoyle Fighter began the quest for the Orb.
     0 | D:1      | Reached XP level 1. HP: 14/14 MP: 1/1
   134 | D:1      | Reached XP level 2. HP: 18/19 MP: 2/2
   513 | D:1      | Found a faded altar of an unknown god.
   767 | D:2      | Noticed Jessica
   770 | D:2      | Reached XP level 3. HP: 5/24 MP: 3/3
   775 | D:2      | HP: 1/24 [Jessica/nerve-wracking pain (4)]
   777 | D:2      | Killed from afar by Jessica

Illustrated notes

Levels and vault maps discovered:
D:1:      dpeg_arrival_tiny_e, layout_basic, hellmonk_ecumenical_altar_blasted,
          grunt_decor_mini_mirrors
D:2:      layout_loops_corners, grunt_ministairs_10, uniq_natasha, uniq_jessica

Skill      XL: |  1  2 |
---------------+-------+-----
Axes           | 2 |  2.0
Fighting       | |  3.7
Armour         | |  3.7
Shields        | |  3.5

Action                   || total
-------------------------++-------
Melee: War axe           ||    43
  Use: Scroll            ||     4
Armor: Scale mail        ||    21
Dodge: Dodged            ||    23
Block: Buckler           ||     6

Table legend: (Time is in decaauts)
 A = Elapsed time spent in this place.
 B = Non-inter-level travel time spent in this place.
 C = Inter-level travel time spent in this place.
 D = Time resting spent in this place.
 E = Time spent auto-exploring this place.
 F = Levels seen in this place.
 G = Mean time per level.
                   A        B        C        D        E       F      G
               +--------+--------+--------+--------+--------+-----+--------+
         Total |    795 |    780 |     15 |      0 |    650 |   2 |  397.5 |
       Dungeon |    795 |    780 |     15 |      0 |    650 |   2 |  397.5 |
               +--------+--------+--------+--------+--------+-----+--------+

Top non-repeatable levels by time:
     D:1: 740 daAuts
     D:2: 54 daAuts
